 Dungeon Crawl Stone Soup version 0.24.0-41-g2ae2f7f1be (webtiles) character file.

Game seed: 8665145864422016970, levelgen mode: deterministic

401 Anathary the Covert (level 6, -4/39 HPs)
             Began as an Octopode Assassin on Dec 12, 2019.
             Slain by a sky beast (5 damage)
             ... on level 5 of the Dungeon.
             The game lasted 00:14:58 (3978 turns).

Anathary the Covert (Octopode Assassin)             Turns: 3978, Time: 00:14:58

Health: -4/39      AC:  1    Str: 11    XL:     6   Next: 85%
Magic:  6/6        EV: 13    Int: 13    God:
Gold:   245        SH:  3    Dex: 15    Spells: 5/5 levels left

rFire    + + .     SeeInvis .   a - +2 dagger
rCold    x . .     Gourm    .   s - +0 buckler
rNeg     . . .     Faith    .   (helmet restricted)
rPois    .         Spirit   .   (no amulet)
rElec    .         Reflect  .   u - ring of fire
rCorr    .         Harm     .   r - ring of protection from fire
MR       .....                  (no ring)
Stlth    +++++.....             (no ring)
HPRegen  0.13/turn              (no ring)
MPRegen  0.10/turn              (no ring)
                                (no ring)
                                (no ring)

@: no status effects
A: almost no armour, stealthy swim, amphibious, 8 rings, constrict 8, camouflage
1, gelatinous body 1
a: no special abilities


You were on level 5 of the Dungeon.
You were not hungry.

You visited 1 branch of the dungeon, and saw 5 of its levels.

You collected 245 gold pieces.

Inventory:

Hand Weapons
 a - a +2 dagger (weapon)
Missiles
 b - 21 poisoned darts (quivered)
 c - 2 curare-tipped darts
 t - 3 atropa-tipped darts
Armour
 s - a +0 buckler (worn)
Jewellery
 r - a ring of protection from fire (right tentacle)
 u - a ring of fire (left tentacle)
Wands
 q - a wand of iceblast (8)
 w - a wand of acid (10)
Scrolls
 e - a scroll of remove curse
 g - a scroll of fog {unknown}
 h - 3 scrolls of teleportation {unknown}
 i - 2 scrolls of immolation {unknown}
 k - 2 scrolls of blinking {unknown}
 l - a scroll of noise {unknown}
Potions
 m - 7 potions of curing {unknown}
 n - a potion of invisibility {unknown}
 o - a potion of ambrosia {unknown}
 p - a potion of resistance {unknown}
 v - a potion of heal wounds {unknown}
 x - a potion of flight {unknown}
Comestibles
 d - 5 rations


   Skills:
 - Level 2.0 Fighting
 + Level 3.7 Short Blades
 - Level 2.0 Throwing
 + Level 2.0 Dodging
 + Level 9.6 Stealth
 + Level 0.1 Shields


You had 5 spell levels left.
You didn't know any spells.
Your spell library was empty.

Dungeon Overview and Level Annotations

Branches:
Dungeon (5/15)
 Temple: D:4-7

Altars:
Qazlal


Innate Abilities, Weirdness & Mutations

You cannot wear most types of armour.
You are very stealthy in the water. (Stealth+)
You are amphibious.
You can wear up to eight rings at the same time.
You can use your tentacles to constrict eight enemies at once.
Your skin changes colour to match your surroundings (Stealth+).
Your rubbery body absorbs attacks. (AC +1, EV +1)


Message History

The sky beast is moderately wounded.
The sky beast flickers out of sight!
Deactivating autopickup; reactivate with Ctrl-A.
Something hits you. Something shocks you.
You barely miss something. Something hits you. Something shocks you.
You miss something. Something barely misses you.
You miss something. Your squeeze misses something. Something hits you.
Something shocks you.
* * * LOW HITPOINT WARNING * * *
You hit something. You barely miss something. Something hits you.
* * * LOW HITPOINT WARNING * * *
Something shocks you.
* * * LOW HITPOINT WARNING * * *
You barely miss something. Something barely misses you.
You hit something. Something completely misses you.
You closely miss something. Something hits you.
* * * LOW HITPOINT WARNING * * *
Something shocks you.
You die...

. ##. . ...# #. #.#..#
...##.#..## ...
........... #..
#..#.#..#..#
8..8#..........########
......................#
.>h ...........{@######
8.. ##.#.#.....#.#
#..##..........#.#
#............#.#
..#...##.#....##.#
..............##.#
#.#...#......<##.#
#.#...........##.#
..............#


There were no monsters in sight!

Vanquished Creatures
  4 orc wizards
  An orc priest (D:4)
  A centaur skeleton (D:4)
  A bullfrog skeleton (D:4)
  2 worker ants (D:4)
  7 adders
  2 oozes
  2 worms (D:4)
  A leopard gecko (D:2)
  12 orcs
  5 giant cockroaches
  8 goblins
  8 hobgoblins
  A quokka (D:2)
  3 ball pythons
  6 bats
  7 frilled lizards
  5 kobolds
  9 rats
85 creatures vanquished.

Notes
Turn   | Place    | Note
-------+----------+-------------------------------------------
     0 | D:1      | Anathary the Octopode Assassin began the quest for the Orb.
     0 | D:1      | Reached XP level 1. HP: 14/14 MP: 1/1
   140 | D:1      | Reached XP level 2. HP: 14/19 MP: 2/2
   144 | D:1      | Reached skill level 6 in Stealth
   551 | D:1      | Reached XP level 3. HP: 24/24 MP: 3/3
   981 | D:2      | Reached XP level 4. HP: 29/29 MP: 4/4
  1019 | D:2      | Reached skill level 7 in Stealth
  1852 | D:3      | Reached XP level 5. HP: 34/34 MP: 5/5
  2626 | D:4      | Reached skill level 8 in Stealth
  2911 | D:4      | Reached XP level 6. HP: 25/39 MP: 6/6
  3035 | D:4      | Reached skill level 9 in Stealth
  3359 | D:4      | Found a stormy altar of Qazlal.
  3361 | D:4      | Noticed a fire elemental
  3362 | D:4      | Noticed a water elemental
  3362 | D:4      | Noticed an air elemental
  3932 | D:5      | Entered Level 5 of the Dungeon
  3950 | D:5      | Noticed a sky beast
  3978 | D:5      | HP: 1/39 [something (2)]
  3978 | D:5      | Slain by a sky beast

Levels and vault maps discovered:
D:1:      mrwooster_arrival_statue, layout_loops_cross
D:2:      layout_basic
D:3:      layout_rooms, serial_co_window_serial, co_window_paths_b,
          co_window_paths_a, co_window_paths_a, co_window_paths_b,
          co_window_corner_a, co_window_2corner, co_window_corner_cb,
          co_window_paths_c, co_window_paths_c, co_window_4corner_b,
          glass_columns_b, glass_columns_b, glass_columns_b, glass_columns_a,
          ebering_dispersal_statue_hall
D:4:      layout_loops_corners, nicolae_qazlal_style_of_elements
D:5:      layout_basic, grunt_temple_overflow_champion_of_chaos, first_ration,
          st_stairs_6, uniq_sigmund

Skill      XL: |  1  2  3  4  5  6 |
---------------+-------------------+-----
Stealth        | 6 7 8 9 |  9.6
Short Blades   | 3 |  3.7
Dodging        | 2 |  2.0
Fighting       | |  2.0
Throwing       | |  2.0
Shields        | |  0.1

Action                   |  1- 3 |  4- 6 || total
-------------------------+-------+-------++-------
Melee: Dagger            |    69 |   124 ||   193
       Constrict         |    15 |    21 ||    36
       Tentacles         |     5 |    21 ||    26
  Use: Scroll            |       |     2 ||     2
 Stab: Sleeping          |     9 |    21 ||    30
  Eat: Ration            |       |     3 ||     3
Armor: Skin              |     2 |     6 ||     8
Dodge: Dodged            |    32 |    52 ||    84
Block: Buckler           |       |     7 ||     7
